 Dungeon Crawl Stone Soup version 0.29-a0-221-gceb61267dd (webtiles) character file.

Game seed: 10786787863409307033

16 mcwallace the Vexing (level 2, 0/21 HPs)
             Began as a Formicid Arcane Marksman on Feb 26, 2022.
             Frozen to death by an endoplasm (3 damage)
             ... on level 1 of the Dungeon.
             The game lasted 00:01:17 (624 turns).

mcwallace the Vexing (Formicid Arcane Marksman)      Turns: 624, Time: 00:01:17

Health: 0/21       AC:  2    Str: 14    XL:     2   Next: 75%
Magic:  4/4        EV: 12    Int: 12    God:
Gold:   37         SH:  0    Dex: 11    Spells: 2/3 levels left

rFire   . . .      SeeInvis +   g - +1 dagger (vamp) {short}
rCold   . . .      Faith    .   (no shield)
rNeg    . . .      Spirit   .   b - +0 robe
rPois   .          Reflect  .   (helmet unavailable)
rElec   .          Harm     .   (no cloak)
rCorr   .          Rampage  .   (no gloves)
Will    .....                   (no boots)
Stlth   +.........              (no amulet)
HPRegen 0.07/turn               (no ring)
MPRegen 0.09/turn               (no ring)

@: no status effects
A: permanent stasis, dig shafts and tunnels, antennae 3, four strong arms
a: Dig, Shaft Self


You were on level 1 of the Dungeon.
You visited 1 branch of the dungeon, and saw 1 of its levels.

You collected 37 gold pieces.


Innate Abilities, Weirdness & Mutations

You cannot be hasted, slowed, berserked, paralysed or teleported.
You can dig through walls and to a lower floor.
You have a pair of large antennae on your head. (SInv)
Your four strong arms can wield two-handed weapons with a shield.


   Skills:
 + Level 1.5 Fighting
 + Level 2.2 Crossbows
 + Level 2.0 Dodging
 + Level 1.4 Spellcasting
 + Level 3.8 Hexes


You had 2 spell levels left.
You knew the following spells:

 Your Spells              Type           Power      Damage    Failure   Level
a - Slow                  Hex            40%        N/A       6%          1

Your spell library contained the following spells:

 Spells                   Type           Power      Damage    Failure   Level
 Foxfire                  Conj/Fire      0%         2x1d4     28%         1
 Inner Flame              Hex/Fire       5%         N/A       36%         3
 Portal Projectile        Hex/Tloc       10%        N/A       36%         3
 Cause Fear               Hex            5%         N/A       52%         4
 Conjure Flame            Conj/Fire      0%         6-21      65%         3
 Flame Wave               Conj/Fire      0%         2d4       96%         4

Inventory:

Hand Weapons
 a - a +0 hand crossbow {crossbow}
 g - a +1 vampiric dagger (weapon) {short}
   (You found it on level 1 of the Dungeon)
Missiles
 e - 27 stones {throwing}
Armour
 b - a +0 robe (worn)
Jewellery
 i - a ring of see invisible
   (You found it on level 1 of the Dungeon)
Scrolls
 c - a scroll of fear {unknown}
 d - a scroll of vulnerability {unknown}
 f - a scroll of fog {unknown}
 h - a scroll of identify {unknown}

Dungeon Overview and Level Annotations

Branches:
Dungeon (1/15)

Altars:

{ .#.. ... { ...
..# #.# ..# #.#
###..######## #.###
.b. #......# #.#..
#J# #.####.###.#..
##@## ##........
#8.8# #........#
##.## #..##.#..#
##.## #.###.#...
#8.8# #.###.###.
##.## #......##.
##.## ##.....#..
#8.8# #..###)#..
##.############.###


You could see an endoplasm and a bat.


Message History

Aim: a kobold, wielding a +0 dagger and quivering stones (50% to hit)
You shoot a bolt. The bolt hits the kobold.
Shoot: a) +0 hand crossbow {crossbow}
Press: ? - help, Q - select action, (/) - cycle Shift-Dir - straight line, f/p - kobold
Aim: a kobold, wielding a +0 dagger and quivering stones (heavily wounded, 50% to hit)
You shoot a bolt. The bolt closely misses the kobold.
Shoot: a) +0 hand crossbow {crossbow}
Press: ? - help, Q - select action, (/) - cycle Shift-Dir - straight line, f/p - kobold
Aim: a kobold, wielding a +0 dagger and quivering stones (heavily wounded, 50% to hit)
You shoot a bolt. The bolt hits the kobold.
You kill the kobold!
e - 27 stones {throwing} (gained 5)
Things that are here:
a +0 dagger {short}; a kobold corpse
i - a ring of see invisible You pick up a book of Flames and begin reading...
You add the spells Foxfire, Conjure Flame and Flame Wave to your library.
You sense a monster nearby.
You open the door.
A kobold and an endoplasm come into view.
The kobold shouts!
A ball python comes into view.
The endoplasm moves out of view.
There are monsters nearby!
There are monsters nearby!
Okay, then.
Shoot: a) +0 hand crossbow {crossbow}
Press: ? - help, Q - select action, (/) - cycle Shift-Dir - straight line, f - kobold
Aim: a kobold, wielding a +0 short sword and quivering stones (50% to hit)
You shoot a bolt. The bolt barely misses the kobold.
The ball python hisses angrily.
A bat comes into view.
The kobold hits you with a +0 short sword. x2
The bat moves out of view. 😮 HP[-6]
You take 6 damage, and now have 15/21 hp.
MASSIVE DAMAGE!! (PAUSE) Shoot: a) +0 hand crossbow {crossbow}
Press: ? - help, Q - select action, (/) - cycle Shift-Dir - straight line, f/p - kobold
Aim: a kobold, wielding a +0 short sword and quivering stones (50% to hit)
You shoot a bolt. The bolt misses the kobold.
The endoplasm quivers.
The kobold barely misses you.
Shoot: a) +0 hand crossbow {crossbow}
Press: ? - help, Q - select action, (/) - cycle Shift-Dir - straight line, f/p - kobold
Aim: a kobold, wielding a +0 short sword and quivering stones (50% to hit)
You shoot a bolt. The bolt closely misses the kobold.
The bolt closely misses the bat.
The kobold hits you with a +0 short sword. 😮 HP[-3]
You take 3 damage, and now have 12/21 hp.
Shoot: a) +0 hand crossbow {crossbow}
Press: ? - help, Q - select action, (/) - cycle Shift-Dir - straight line, f/p - kobold
Aim: a kobold, wielding a +0 short sword and quivering stones (50% to hit)
You shoot a bolt. The bolt hits the kobold.
You kill the kobold!
The bat closely misses you. The ball python bites you.
* * * LOW HITPOINT WARNING * * *
The ball python grabs you.
The ball python constricts you. 😨 HP[-2]
You take 2 damage, and now have 10/21 hp.
Shoot: a) +0 hand crossbow {crossbow}
Press: ? - help, Q - select action, (/) - cycle Shift-Dir - straight line, f - ball python
Aim: a ball python (constricting you, 53% to hit)
You shoot a bolt.
The bolt closely misses the ball python.
The bolt hits the endoplasm but does no damage.
The ball python closely misses you. The ball python constricts you.
* * * LOW HITPOINT WARNING * * *
The ball python barely misses you. The ball python constricts you.
* * * LOW HITPOINT WARNING * * *
😨 HP[-1]
You take 1 damage, and now have 9/21 hp.
Shoot: a) +0 hand crossbow {crossbow}
Press: ? - help, Q - select action, (/) - cycle Shift-Dir - straight line, f/p - ball python
Aim: a ball python (constricting you, 53% to hit)
You shoot a bolt. The bolt hits the ball python!
You kill the ball python!
Shoot: a) +0 hand crossbow {crossbow}
Press: ? - help, Q - select action, (/) - cycle Shift-Dir - straight line, f - endoplasm
Aim: an endoplasm (85% to hit)
You shoot a bolt.
The bolt hits the endoplasm but does no damage.
The endoplasm freezes you.
You are frozen.
* * * LOW HITPOINT WARNING * * *
The endoplasm freezes you.
You are frozen.
* * * LOW HITPOINT WARNING * * *
😱 HP[-7]
You take 7 damage, and now have 2/21 hp.
MASSIVE DAMAGE!! (PAUSE)
You feel a sense of dread.
g - a +1 vampiric dagger (weapon)
{short} You hit the endoplasm but do no damage.
The endoplasm completely misses you.
You hit the endoplasm.
You feel better. The endoplasm freezes you.
You are frozen.
You die...

Skill      XL: |  1  2 |
---------------+-------+-----
Dodging        | 2 |  2.0
Fighting       | |  1.5
Crossbows      | |  2.2
Spellcasting   | |  1.4
Hexes          | |  3.8

Action                   || total
-------------------------++-------
Melee: Dagger            ||     2
 Fire: Hand crossbow     ||    55
 Cast: Slow              ||     2
Armor: Robe              ||     5
Dodge: Dodged            ||    23

Levels and vault maps discovered:
D:1:      sevenhm_arrival_forest_fort_small_3, layout_basic,
          shapermc_ecumenical_altar_ellora, st_stairs_7, dk_noncrumbling_2

Notes
Turn   | Place    | Note
-------+----------+-------------------------------------------
     0 | D:1      | mcwallace the Formicid Arcane Marksman began the quest for
                  | the Orb.
     0 | D:1      | Reached XP level 1. HP: 15/15 MP: 2/2
     0 | D:1      | magus.rc [v1.9.6]
   157 | D:1      | Reached XP level 2. HP: 15/21 MP: 3/3
   446 | D:1      | Reached skill level 2 in Dodging
   603 | D:1      | You pick up a book of Flames and begin reading...
   603 | D:1      | You add the spells Foxfire, Conjure Flame and Flame Wave to
                  | your library.
   621 | D:1      | HP: 2/21 [frozen (5)]
   624 | D:1      | Frozen to death by an endoplasm

Vanquished Creatures
  2 ball pythons (D:1)
  An endoplasm (D:1)
  A hobgoblin (D:1)
  7 kobolds (D:1)
  A bat (D:1)
  A frilled lizard (D:1)
  3 rats (D:1)
16 creatures vanquished.

Table legend:
 A = Non-vault XP
 B = Vault XP
 C = Vault XP percentage of total XP
 D = Non-vault monster count
 E = Vault monster count
 F = Vault count percentage of total count
                 A         B        C        D         E       F
            +---------+---------+-------+---------+---------+-------
      Total |      23 |       1 |   4.2 |      15 |       1 |   6.2
            +---------+---------+-------+---------+---------+-------
        D:1 |      23 |       1 |   4.2 |      15 |       1 |   6.2
            +---------+---------+-------+---------+---------+-------

Illustrated notes

Table legend:
 A = Kills in this place as a percentage of kills in entire the game.
 B = Kills by you in this place as a percentage of kills by you in the entire game.
 C = Kills by friends in this place as a percentage of kills by friends in the entire game.
 D = Other kills in this place as a percentage of other kills in the entire game.
 E = Experience gained in this place as a percentage of experience gained in the entire game.
 F = Experience gained in this place divided by the number of levels of this place that you have seen.
                   A       B       C       D       E      F
               +-------+-------+-------+-------+-------+----------------------
         Total | 100.0 | 100.0 |   N/A |   N/A | 100.0 |  24.0
       Dungeon | 100.0 | 100.0 |   N/A |   N/A | 100.0 |  24.0
               +-------+-------+-------+-------+-------+----------------------

Table legend: (Time is in decaauts)
 A = Elapsed time spent in this place.
 B = Non-inter-level travel time spent in this place.
 C = Inter-level travel time spent in this place.
 D = Time resting spent in this place.
 E = Time spent auto-exploring this place.
 F = Levels seen in this place.
 G = Mean time per level.
                   A        B        C        D        E       F      G
               +--------+--------+--------+--------+--------+-----+--------+
         Total |    645 |    645 |      0 |      0 |    525 |   1 |  645.0 |
       Dungeon |    645 |    645 |      0 |      0 |    525 |   1 |  645.0 |
               +--------+--------+--------+--------+--------+-----+--------+

Top non-repeatable levels by time:
     D:1: 645 daAuts
